 Dungeon Crawl Stone Soup version 0.30-a0-722-g3e6e8c874d (webtiles) character file.

Game seed: 10743495867300456364

546 Oxelix the Chopper (level 7, -3/63 HPs)
             Began as a Hill Orc Fighter on Jan 28, 2023.
             Slain by a killer bee (5 damage)
             ... on level 5 of the Dungeon.
             The game lasted 00:07:21 (3913 turns).

Oxelix the Chopper (Hill Orc Fighter)               Turns: 3913, Time: 00:07:21

Health: -3/63      AC: 14    Str: 21    XL:     7   Next: 28%
Magic:  7/7        EV:  5    Int:  8    God:
Gold:   213        SH:  5    Dex: 15    Spells: 6/6 levels left

rFire   . . .      SeeInvis .    x - +8 hammer of Vayskibu {elec, rC+ Dex+5}
rCold   + . .      Faith    .    c - +0 buckler
rNeg    . . .      Spirit   .    o - +0 plate armour
rPois   .          Reflect  .    l - +0 helmet
rElec   .          Harm     .    y - +0 cloak
rCorr   +          Rampage  .    E - +0 pair of gloves
Will    .....                    (no boots) Stlth
                                 (no amulet)
HPRegen 0.30/turn                v - ring of resist corrosion
MPRegen 0.10/turn                (no ring)

@: lethally poisoned (-3 -> -7), attractive, flying
A: no striking features
a: no special abilities


You were on level 5 of the Dungeon.
You visited 1 branch of the dungeon, and saw 5 of its levels.

You collected 213 gold pieces.

Inventory:

Hand Weapons
 a - a +0 war axe
 x - the +8 hammer of Vayskibu (weapon) {elec, rC+ Dex+5}
   (You found it on level 3 of the Dungeon)

   Dex:       It affects your dexterity (+5).
   rC:        It protects you from cold.
Missiles
 f - 3 atropa-tipped darts (quivered)
 h - 3 poisoned darts
 m - 5 boomerangs
Armour
 c - a +0 buckler (worn)
 l - a +0 helmet (worn)
 o - a +0 plate armour (worn)
 y - a +0 cloak (worn)
 E - a +0 pair of gloves (worn)
Jewellery
 p - a ring of magical power
 v - a ring of resist corrosion (left hand)
Wands
 s - a wand of flame (36)
 A - a wand of mindburst (19)
 C - a wand of polymorph (9)
Scrolls
 b - 3 scrolls of magic mapping {unknown}
 g - a scroll of fear {unknown}
 i - 3 scrolls of identify {unknown}
 n - a scroll of teleportation {unknown}
 q - 2 scrolls of enchant armour {unknown}
 r - 2 scrolls of amnesia {unknown}
 u - a scroll of enchant weapon {unknown}
 z - a scroll of vulnerability {unknown}
 B - 2 scrolls of silence {unknown}
 F - a scroll of blinking {unknown}
Potions
 e - 2 potions of flight
 j - a potion of invisibility {unknown}
 k - a potion of curing {unknown}
 t - a potion of resistance {unknown}
 w - a potion of brilliance {unknown}
 D - a potion of heal wounds


   Skills:
 + Level 6.3 Fighting
 - Level 6.8(7.5) Axes
 * Level 3.9(5.4) Maces & Flails
 - Level 3.2 Armour
 - Level 3.2 Shields


You had 6 spell levels left.
You didn't know any spells.
Your spell library contained the following spells:

 Spells                   Type           Power      Damage    Failure   Level
 Sting                    Tmut/Pois      0%         1d3       100%        1
 Ensorcelled Hibernation  Hex/Ice        0%         N/A       100%        2
 Passwall                 Tmut/Erth      0%         N/A       100%        2
 Poisonous Vapours        Pois/Air       0%         N/A       100%        2
 Dazzling Flash           Conj/Hex       0%         N/A       100%        3
 Swiftness                Air            0%         N/A       100%        3
 Olgreb's Toxic Radiance  Pois           0%         N/A       100%        4
 Agony                    Necr           0%         N/A       100%        5
 Silence                  Hex/Air        0%         N/A       100%        5
 Conjure Ball Lightning   Conj/Air       0%         3x3d6     100%        6
 Discord                  Hex            0%         N/A       100%        8
 Disjunction              Tloc           0%         N/A       100%        8


Dungeon Overview and Level Annotations

Branches:
Dungeon (5/15)
 Temple: D:4-7

Altars:
Kikubaaqudgha
Nemelex Xobeh
Qazlal
Ru
Trog
Xom

Shops:
D:1 [


Message History

You feel very sick. You block the killer bee's attack.
The killer bee stings you. x3
You are more poisoned.
The killer bee poisons you!
The killer bee stings you but does no damage. x2
The killer bee attacks as you move away!
The killer bee stings you but does no damage.
The killer bee attacks as you move away!
The killer bee barely misses you.
You feel very sick.
A phantom comes into view.
The killer bee stings you. The phantom is attracted toward you.
You feel very sick. The killer bee barely misses you.
The killer bee stings you.
* * * LOW HITPOINT WARNING * * *
There is a stone staircase leading down here.
The killer bee attacks as you move away!
The killer bee closely misses you.
You feel sick. The killer bee stings you.
* * * LOW HITPOINT WARNING * * *
You are lethally poisoned!
The killer bee poisons you! You block the killer bee's attack.
The killer bee attacks as you move away!
The killer bee stings you but does no damage.
* * * LOW HITPOINT WARNING * * *
You feel very sick.
The killer bee stings you but does no damage. x2
The killer bee attacks as you move away!
The killer bee stings you but does no damage.
* * * LOW HITPOINT WARNING * * *
You feel sick. You block the killer bee's attack.
The killer bee is attracted toward you. x2
The killer bee attacks as you move away!
You block the killer bee's attack.
* * * LOW HITPOINT WARNING * * *
You feel sick.
The killer bee is attracted toward you. x2
The killer bee attacks as you move away!
The killer bee stings you but does no damage.
* * * LOW HITPOINT WARNING * * *
You feel sick. The killer bee stings you.
You die...

### #.....# ##.###.##.##
.. ##...##.##.# .#
#######..........#
#..####................#
.###........#.....###.##.#
.....##.#.#.#.#######.##.#
.......##.#...........##.#
#.....#.y@#########
#...###.y.# ###.###W#.#
#...§..y#.# #†..>.§§..#
#...####........ #?..###
#....#### #.. #.#### #.
#.#


You could see a phantom and 3 killer bees.

Vanquished Creatures
  A bullfrog (D:4)
  2 scorpions
  2 killer bees (D:5)
  Crazy Yiuf (D:3)
  2 hounds
  An iguana (D:4)
  9 gnolls
  2 adders
  2 dart slugs
  An orc (D:4)
  6 bats
  4 endoplasms
  5 giant cockroaches
  3 goblins
  2 hobgoblins
  8 jackals
  2 quokkas
  6 ball pythons
  2 frilled lizards (D:1)
  5 kobolds
  A rat (D:1)
67 creatures vanquished.

Notes
Turn   | Place    | Note
-------+----------+-------------------------------------------
     0 | D:1      | Oxelix the Hill Orc Fighter began the quest for the Orb.
     0 | D:1      | Reached XP level 1. HP: 19/19 MP: 1/1
    57 | D:1      | Reached XP level 2. HP: 4/27 MP: 2/2
   610 | D:1      | Found Gimuly's Armour Shop.
   732 | D:1      | Reached XP level 3. HP: 30/33 MP: 3/3
  1540 | D:2      | Found a bloodstained altar of Trog.
  1778 | D:3      | Reached XP level 4. HP: 31/33 MP: 4/4
  1944 | D:3      | You fall into a shaft and drop 1 floor!
  2032 | D:4      | Reached skill level 5 in Axes
  2141 | D:4      | Noticed a scorpion
  2150 | D:4      | Killed a scorpion
  2151 | D:4      | Reached XP level 5. HP: 21/47 MP: 5/5
  2307 | D:3      | Reached skill level 5 in Fighting
  2390 | D:3      | Reached XP level 6. HP: 39/56 MP: 6/6
  2460 | D:3      | Found a shimmering altar of Xom.
  2462 | D:3      | Found an ancient bone altar of Kikubaaqudgha.
  2739 | D:3      | Identified the +8 hammer of Vayskibu {elec, rC+ Dex+5}
  2754 | D:3      | Found a runed translucent door.
  2755 | D:3      | Noticed Crazy Yiuf
  2763 | D:3      | Killed Crazy Yiuf
  2764 | D:3      | Reached skill level 1 in Maces & Flails
  3382 | D:4      | Found a sacrificial altar of Ru.
  3660 | D:4      | Found a stormy altar of Qazlal.
  3663 | D:4      | Found a sparkling altar of Nemelex Xobeh.
  3787 | D:5      | Entered Level 5 of the Dungeon
  3811 | D:5      | Reached XP level 7. HP: 63/63 MP: 7/7
  3913 | D:5      | HP: 2/63 [poisoned by a killer bee]
  3913 | D:5      | Slain by a killer bee

Illustrated notes

Levels and vault maps discovered:
D:1:      mushboom_english_gardens, layout_loops_corners, serial_shops, shop
D:2:      layout_basic, basic_altar
D:3:      layout_loops_corners, mainiacjoe_overflow_divided_tiny,
          uniq_crazy_yiuf_cottage
D:4:      layout_gridville, general_overflow_altar, minitemple
D:5:      layout_loops_ring, ashenzari_altar_1, pdpol_wu_jian_five_deadly_venoms

Skill      XL: |  1  2  3  4  5  6 |
---------------+-------------------+-----
Axes           | 3 4 6 |  6.8
Fighting       | 4 5 6 |  6.3
Maces & Flails | 3 |  3.9
Armour         | |  3.2
Shields        | |  3.2

Action                     |  1- 3 |  4- 6 |  7- 9 || total
---------------------------+-------+-------+-------++-------
  Melee: War axe           |    83 |    65 |       ||   148
         Mace              |       |    35 |    11 ||    46
    Use: Potion            |       |     1 |     3 ||     4
 Armour: Scale mail        |    18 |       |       ||    18
         Plate armour      |    37 |    76 |    34 ||   147
  Dodge: Dodged            |    40 |    36 |     8 ||    84
  Block: Buckler           |    20 |    18 |    13 ||    51

Table legend: (Time is in decaauts)
 A = Elapsed time spent in this place.
 B = Non-inter-level travel time spent in this place.
 C = Inter-level travel time spent in this place.
 D = Time resting spent in this place.
 E = Time spent auto-exploring this place.
 F = Levels seen in this place.
 G = Mean time per level.
                   A        B        C        D        E       F      G
               +--------+--------+--------+--------+--------+-----+--------+
         Total |   3967 |   3812 |    155 |    139 |   2995 |   5 |  793.4 |
       Dungeon |   3967 |   3812 |    155 |    139 |   2995 |   5 |  793.4 |
               +--------+--------+--------+--------+--------+-----+--------+

Top non-repeatable levels by time:
     D:3: 1127 daAuts
     D:1: 1113 daAuts
     D:4: 929 daAuts
     D:2: 669 daAuts
     D:5: 128 daAuts
